 Dungeon Crawl Stone Soup version 0.30-a0-1043-g60ff8d5f49 (webtiles) character file.

Game seed: 12102527204900299406

38 Esekla the Sneak (level 3, -1/26 HPs)
             Began as an Octopode Delver on Apr 9, 2023.
             Was an Initiate of Gozag.
             Killed by divine providence
             ... invoked by an orc priest
              (10 damage)
             ... on level 5 of the Dungeon.
             The game lasted 00:02:30 (227 turns).

Esekla the Sneak (Octopode Delver)                   Turns: 227, Time: 00:02:31

Health: -1/26      AC:  1    Str: 11    XL:     3   Next: 43%
Magic:  2/4        EV: 13    Int: 14    God:    Gozag
Gold:   21         SH:  0    Dex: 13    Spells: 3/3 levels left

rFire   . . .      SeeInvis .    a - +0 falchion
rCold   . . .      Faith    .    (no shield)
rNeg    . . .      Spirit   .    (helmet restricted)
rPois   .          Reflect  .    (no amulet)
rElec   .          Rampage  .    (no ring)
rCorr   .                        (no ring)
Will    .....                    (no ring)
Stlth   ++++                     (no ring)
HPRegen 0.24/turn                (no ring)
MPRegen 0.09/turn                (no ring)
                                 (no ring)
                                 (no ring)

@: gold aura
A: almost no armour, amphibious, 8 rings, camouflage 1, gelatinous body 1,
(nimble swimmer 1), tentacles
a: Renounce Religion, Potion Petition, Call Merchant, Bribe Branch


You were on level 5 of the Dungeon.
You worshipped Gozag.
Gozag was noncommittal.
You visited 2 branches of the dungeon, and saw 3 of its levels.

You collected 43 gold pieces.
You paid 22 gold pieces to Gozag.

Inventory:

Hand Weapons
 a - a +0 falchion (weapon)
 c - a +0 long sword
Wands
 f - a wand of digging (3)
Scrolls
 b - a scroll of fog
 d - a scroll of fear
Potions
 e - a potion of haste


   Skills:
 * Level 3.2 Fighting
 * Level 2.3 Long Blades
 * Level 2.2 Dodging
 + Level 7.2 Stealth
 * Level 0.7 Spellcasting


You had 3 spell levels left.
You didn't know any spells.
Your spell library was empty.

Dungeon Overview and Level Annotations

Branches:
Dungeon (5/15)             Temple (1/1) D:5

Altars:
Ashenzari
Cheibriados
Dithmenos
Elyvilon
Fedhas
Gozag
Hepliaklqana
Makhleb
Nemelex Xobeh
Okawaru
Qazlal
Ru
Sif Muna
Vehumet
Xom
Yredelemnul
Zin
The Shining One


Innate Abilities, Weirdness & Mutations

You cannot wear most types of armour.
You are amphibious.
You can wear up to eight rings at the same time.
Your skin changes colour to match your surroundings (Stealth+).
Your rubbery body absorbs attacks. (AC +1, EV +1)
((You are camouflaged when in or above water. (Stealth+)))
You have tentacles for arms and can constrict up to eight enemies at once.


Message History

As you open the door, it creaks loudly!
The jelly quivers.
There is a stone staircase leading down here.
You climb downwards.
There is a stone staircase leading up here.
The orc shouts!
You hear a shout! x2
A jelly comes into view.
An orc comes into view. It is wielding a +0 falchion.
The jelly quivers.
There is a stone staircase leading up here.
You hit the orc. Your grab misses the orc.
The orc is heavily wounded.
The orc barely misses you.
You completely miss the orc. You grab the orc.
The orc is heavily wounded.
You constrict the orc. The orc hits you with a +0 long sword.
You slash the orc!
You kill the orc!
You slash the jelly!
Your tentacles burn!
You squeeze the jelly.
You kill the jelly!
Your Stealth skill increases to level 7!
You have reached level 3!
Your experience leads to an increase in your attributes!
Increase (S)trength, (I)ntelligence, or (D)exterity?
You feel clever. x2
The orc hits you with a +0 falchion.
Things that are here:
12 gold pieces; a +0 long sword
c - a +0 long sword You now have 21 gold pieces (gained 12).
The orc closely misses you.
An ufetubus comes into view.
The orc attacks as you move away! The orc misses you.
The orc priest shouts!
You hear a shout!
There is a stone staircase leading up here.
The orc hits you with a +0 falchion.
The orc priest mumbles some strange prayers to Beogh against you.
Beogh smites you!
You die...
Your body crumbles into a pile of gold.

..≈≈≈≈≈≈≈≈≈≈≈≈≈≈≈...#
...≈≈≈≈≈≈≈≈≈≈≈≈≈..#.#### ***
...o.≈≈≈≈≈≈≈≈≈.........# *,*
.......≈≈≈≈≈...........######.#
.............................>#
.#)....o..#...................#
+*,,,.....####.5o######.###.#.*
,,,,,,,,,,***#.#o# ####.# *.#.*
,,,,,,,,,,*#..o#@# #....###...*
,,*+***,,.J....#####........#,*
,,*,***...o....+............#,*
,,,,,,*........##...........#,#
,,,**,*##########...........#.##
,,,**,* #...........#..# ,,,**,*
#....#.........# ,,,**+*******
#...........#..## ,,,,,,,,,,,,*
#...<.......#...,


You could see an orc priest, an orc and an ufetubus.

Vanquished Creatures
  A jelly (D:5)
  5 orcs (D:5)
6 creatures vanquished.

Notes
Turn   | Place    | Note
-------+----------+-------------------------------------------
     0 | D:5      | Esekla the Octopode Delver began the quest for the Orb.
     0 | D:5      | Reached XP level 1. HP: 16/16 MP: 1/1
    49 | D:5      | Reached XP level 2. HP: 17/21 MP: 2/2
    96 | D:5      | Found a staircase to the Ecumenical Temple.
   105 | Temple   | Entered the Ecumenical Temple
   105 | Temple   | Found a transporter.
   105 | Temple   | Found a transporter.
   107 | Temple   | Found a transporter.
   107 | Temple   | Found a transporter.
   117 | Temple   | Became a worshipper of Gozag Ym Sagoz the Greedy
   224 | D:5      | Reached skill level 7 in Stealth
   224 | D:5      | Reached XP level 3. HP: 19/26 MP: 2/4
   227 | D:5      | Killed from afar by an orc priest

Illustrated notes

Levels and vault maps discovered:
D:4:      minmay_opposing_rooms, layout_basic, nicolae_overflow_crystal_walls,
          chequers_garden, uniq_grinder, uniq_edmund
D:5:      layout_basic, temple_pool_b
Temple:   hellmonk_temple_divided_pantheon

Skill      XL: |  1  2 |
---------------+-------+-----
Stealth        | 7 |  7.2
Fighting       | |  3.2
Long Blades    | |  2.3
Dodging        | |  2.2
Spellcasting   | |  0.7

Action                     || total
---------------------------++-------
  Melee: Falchion          ||    15
         Constrict         ||     6
         Tentacles         ||     4
    Use: Scroll            ||     1
 Armour: Skin              ||     1
  Dodge: Dodged            ||     7

Table legend: (Time is in decaauts)
 A = Elapsed time spent in this place.
 B = Non-inter-level travel time spent in this place.
 C = Inter-level travel time spent in this place.
 D = Time resting spent in this place.
 E = Time spent auto-exploring this place.
 F = Levels seen in this place.
 G = Mean time per level.
                   A        B        C        D        E       F      G
               +--------+--------+--------+--------+--------+-----+--------+
         Total |    230 |    230 |      0 |     30 |      0 |   3 |   76.7 |
       Dungeon |    183 |    183 |      0 |     30 |      0 |   2 |   91.5 |
        Temple |     46 |     46 |      0 |      0 |      0 |   1 |   46.0 |
               +--------+--------+--------+--------+--------+-----+--------+

Top non-repeatable levels by time:
     D:5: 170 daAuts
  Temple: 46 daAuts
     D:4: 12 daAuts
